 Dungeon Crawl Stone Soup version 0.30-a0-50-gb2d611f6b1 (webtiles) character file.

Game seed: 9926440863351207576

2511 timneilson the Covered (level 9, -9/54 HPs)
             Began as a Gargoyle Fighter on Sept 3, 2022.
             Killed by divine providence
             ... invoked by an orc priest
              (15 damage)
             ... on level 7 of the Dungeon.
             The game lasted 00:16:13 (8913 turns).

timneilson the Covered (Gargoyle Fighter)           Turns: 8913, Time: 00:16:14

Health: -9/54      AC: 22    Str: 23    XL:     9   Next: 53%
Magic:  0/9        EV:  9    Int: 10    God:
Gold:   463        SH:  6    Dex: 15    Spells: 8/8 levels left

rFire   . . .      SeeInvis .    a - +1 long sword
rCold   . . .      Faith    .    c - +0 buckler
rNeg    + . .      Spirit   +    i - +0 chain mail
rPois   ∞          Reflect  .    A - +0 helmet
rElec   +          Harm     .    (no cloak)
rCorr   +          Rampage  .    u - +0 pair of gloves
Will    .....                    e - +1 pair of boots
Stlth   ..........               j - amulet of guardian spirit
HPRegen 0.18/turn                h - +6 ring of dexterity
MPRegen 0.11/turn                f - ring of resist corrosion

@: no status effects
A: sickness immunity, AC +6, negative energy resistance 1, electricity
resistance, torment resistance 1, petrification resistance
a: no special abilities


You were on level 7 of the Dungeon.
You visited 2 branches of the dungeon, and saw 8 of its levels.

You collected 463 gold pieces.

Inventory:

Hand Weapons
 a - a +1 long sword (weapon)
Armour
 c - a +0 buckler (worn)
 e - a +1 pair of boots (worn)
 i - a +0 chain mail (worn)
 u - a +0 pair of gloves (worn)
 A - a +0 helmet (worn)
 B - a +0 plate armour
Jewellery
 f - a ring of resist corrosion (right hand)
 h - a +6 ring of dexterity (left hand)
 j - an amulet of guardian spirit (around neck)
 s - a ring of see invisible
 w - a ring of ice
Wands
 C - a wand of flame (30)
Scrolls
 d - a scroll of identify
 g - 2 scrolls of enchant armour
 r - 2 scrolls of teleportation
 v - 4 scrolls of noise
 x - a scroll of poison
 y - a scroll of fear {unknown}
Potions
 b - 2 potions of cancellation {unknown}
 l - 3 potions of lignification {unknown}
 m - a potion of ambrosia {unknown}
 n - a potion of mutation {unknown}
 o - a potion of curing
 p - 3 potions of degeneration {unknown}
 q - a potion of flight {unknown}
 t - a potion of attraction {unknown}


   Skills:
 + Level 5.6 Fighting
 * Level 5.8 Long Blades
 * Level 7.5 Armour
 + Level 3.3 Dodging
 * Level 7.5 Shields
 + Level 2.2 Evocations


You had 8 spell levels left.
You didn't know any spells.
Your spell library contained the following spells:

 Spells                   Type           Power      Damage    Failure   Level
 Blink                    Tloc           0%         N/A       99%         2
 Poisonous Vapours        Pois/Air       0%         N/A       99%         2
 Lesser Beckoning         Tloc           0%         N/A       100%        3
 Cause Fear               Hex            0%         N/A       100%        4
 Corpse Rot               Necr/Pois/Air  0%         N/A       100%        4
 Manifold Assault         Tloc           0%         N/A       100%        5
 Dragon Form              Tmut           0%         N/A       100%        7
 Dragon's Call            Summ           0%         N/A       100%        9


Dungeon Overview and Level Annotations

Branches:
Dungeon (7/15)             Temple (1/1) D:5

Altars:
Ashenzari
Cheibriados
Elyvilon
Fedhas
Kikubaaqudgha
Makhleb
Ru
Uskayaw
Vehumet
Wu Jian
Xom
Yredelemnul
The Shining One

Annotations:
D:6 1 runed translucent door, ytrimaz's ghost, novice FoFi


Innate Abilities, Weirdness & Mutations

You are immune to sickness and miasma.
Your stone body is resilient. (AC +6)
You are immune to poison.
You resist negative energy. (rN+)
You are resistant to electric shocks. (rElec)
You are resistant to unholy torment.
You are immune to petrification.


Message History

The howler monkey is heavily wounded.
The howler monkey completely misses you.
The howler monkey barely misses you.
You slash the howler monkey!
You kill the howler monkey!
There is a stone staircase leading down here.
You hear the quick hiss of a very distant avalanche of sand.
An orc warrior comes into view. It is wielding a +0 hand axe.
Found an escape hatch in the ceiling.
The orc shouts!
The orc priest casts a cantrip, but nothing happens.
The orc priest calls down the wrath of Beogh upon you.
Beogh smites you!
* * * LOW HITPOINT WARNING * * *
Found 14 gold pieces.
You hit the orc.
The orc is heavily wounded.
You block the orc's attack.
You barely miss the orc.
The orc is heavily wounded.
The orc priest invokes the aid of Beogh against you.
Beogh smites you!
* * * LOW HITPOINT WARNING * * *
The orc hits you but does no damage.
You slash the orc!
You kill the orc!
The orc priest hits you but does no damage.
Things that are here:
a +0 short sword; a bubbling dark potion You slash the orc priest!
The orc priest is heavily wounded.
You block the orc priest's attack.
You barely miss the orc priest.
The orc priest is heavily wounded.
The orc priest barely misses you.
You hit the orc priest.
The orc priest is almost dead.
The orc priest mumbles some strange prayers to Beogh against you.
Beogh smites you!
You die...

#....#.###.o...##.......
#..#...........##.....<.
##..#...##...o..##....>##
........###......#.....##
....#...##..###......##.#
.##.#...###.# #.....###..
#......##.##.......#...
.##...o##...#...........
........@.............#.#
.............#.#.....##.#
..........########.#####
.........## ...
.........# #.# ........##
###....## #....


You could see an orc priest.

Vanquished Creatures
  Prince Ribbit (D:6)
  Eustachio (D:6)
  A steam dragon (D:6)
  A water moccasin (D:7)
  2 centaurs
  2 kobold brigands
  3 necrophages
  3 scorpions
  10 killer bees
  3 howler monkeys
  4 orc priests
  3 hounds
  2 jellies
  4 iguanas
  7 orc wizards
  3 gnolls (D:4)
  3 adders
  An ufetubus (D:7)
  2 worms
  2 dart slugs
  20 orcs
  6 endoplasms
  3 giant cockroaches
  9 goblins
  8 hobgoblins
  6 jackals
  14 kobolds
  3 quokkas
  9 ball pythons
  3 bats
  3 frilled lizards
  11 rats
153 creatures vanquished.

Notes
Turn   | Place    | Note
-------+----------+-------------------------------------------
     0 | D:1      | timneilson the Gargoyle Fighter began the quest for the
                  | Orb.
     0 | D:1      | Reached XP level 1. HP: 14/14 MP: 1/1
   257 | D:1      | Reached XP level 2. HP: 14/19 MP: 2/2
  1384 | D:1      | Reached XP level 3. HP: 23/23 MP: 3/3
  1566 | D:2      | Found a faded altar of an unknown god.
  2539 | D:3      | Found a sacrificial altar of Ru.
  2558 | D:3      | Reached XP level 4. HP: 28/28 MP: 4/4
  2559 | D:3      | Reached skill level 1 in Dodging
  2997 | D:3      | You fall into a shaft and drop 2 floors!
  2997 | D:5      | Entered Level 5 of the Dungeon
  3398 | D:3      | Reached XP level 5. HP: 11/32 MP: 1/5
  4190 | D:4      | Noticed a kobold brigand
  4232 | D:4      | Killed a kobold brigand
  4233 | D:4      | Reached XP level 6. HP: 38/38 MP: 6/6
  4942 | D:4      | Reached skill level 5 in Armour
  5195 | D:4      | Reached skill level 5 in Shields
  5446 | D:4      | Reached XP level 7. HP: 23/43 MP: 7/7
  5683 | D:5      | Found a staircase to the Ecumenical Temple.
  5692 | Temple   | Entered the Ecumenical Temple
  6235 | D:6      | Noticed a steam dragon
  6236 | D:6      | Noticed Eustachio
  6630 | D:6      | Found a runed translucent door.
  6669 | D:6      | Reached XP level 8. HP: 45/48 MP: 8/8
  7625 | D:6      | Reached skill level 5 in Fighting
  7641 | D:6      | Reached skill level 5 in Long Blades
  7641 | D:6      | Reached skill level 1 in Evocations
  7847 | D:6      | Killed Eustachio
  7977 | D:6      | Noticed Prince Ribbit
  8000 | D:6      | Killed Prince Ribbit
  8001 | D:6      | Reached XP level 9. HP: 12/54 MP: 3/9
  8458 | D:6      | Noticed ytrimaz's ghost (novice FoFi)
  8635 | D:6      | HP: 2/54 [killer bee (5)]
  8764 | D:7      | HP: 1/54 [howler monkey (2)]
  8913 | D:7      | Killed from afar by an orc priest

Illustrated notes

Levels and vault maps discovered:
D:1:      sevenhm_arrival_forest_fort_large_4, layout_basic,
          minmay_misc_feat_square, minmay_rat_gold_closets
D:2:      layout_basic, shapermc_ecumenical_altar_totnotflames,
          minmay_hexomino_p4
D:3:      layout_loops_ring, mainiacjoe_overflow_boulevard,
          roderic_roman_lattice, chequers_serial_rivers_micro_a
D:4:      cheibrodos_thug_alley, layout_loops_corners, grunt_decor_one_mirror
D:5:      layout_basic, minmay_temple_entry_grid
D:6:      layout_basic, ebering_ghost_sewer_d, st_stairs_10,
          uniq_prince_ribbit1, uniq_eustachio
D:7:      layout_cave_pools, enter_ossuary_5, kennysheep_generic_room_13
Temple:   hellmonk_temple_flake

Skill      XL: |  1  2  3  4  5  6  7  8  9 |
---------------+----------------------------+-----
Long Blades    | 2 3 4 5 |  5.8
Dodging        | 1 2 3 |  3.3
Armour         | 4 5 7 |  7.5
Shields        | 4 5 7 |  7.5
Fighting       | 4 5 |  5.6
Evocations     | 1 2 |  2.2

Action                   |  1- 3 |  4- 6 |  7- 9 || total
-------------------------+-------+-------+-------++-------
Melee: Long sword        |   150 |   233 |   326 ||   709
  Use: Scroll            |     7 |     2 |     4 ||    13
       Potion            |       |     1 |     8 ||     9
Armor: Scale mail        |    37 |       |       ||    37
       Chain mail        |    83 |   190 |   341 ||   614
Dodge: Dodged            |    70 |   103 |   229 ||   402
Block: Buckler           |    42 |    64 |   151 ||   257

Table legend: (Time is in decaauts)
 A = Elapsed time spent in this place.
 B = Non-inter-level travel time spent in this place.
 C = Inter-level travel time spent in this place.
 D = Time resting spent in this place.
 E = Time spent auto-exploring this place.
 F = Levels seen in this place.
 G = Mean time per level.
                   A        B        C        D        E       F      G
               +--------+--------+--------+--------+--------+-----+--------+
         Total |   9104 |   8645 |    459 |    744 |   6072 |   8 | 1138.0 |
       Dungeon |   8955 |   8505 |    450 |    744 |   5945 |   7 | 1279.3 |
        Temple |    149 |    140 |      9 |      0 |    127 |   1 |  149.0 |
               +--------+--------+--------+--------+--------+-----+--------+

Top non-repeatable levels by time:
     D:6: 1981 daAuts
     D:4: 1946 daAuts
     D:1: 1557 daAuts
     D:3: 1262 daAuts
     D:2: 997 daAuts
     D:5: 960 daAuts
     D:7: 249 daAuts
  Temple: 149 daAuts
